 Dungeon Crawl Stone Soup version 0.30-a0-364-gf6b3ef1049 (webtiles) character file.

Game seed: 11575301540473692254

18424 Ijustatesigmund the Thaumaturge (level 12, 0/78 HPs)
             Began as a Deep Elf Fire Elementalist on Nov 15, 2022.
             Was a Priest of Makhleb.
             Slain by a meliai
             ... wielding a +0 war axe
              (3 damage)
             ... on level 13 of the Dungeon on Nov 16, 2022.
             The game lasted 00:50:38 (18007 turns).

Ijustatesigmund the Thaumaturge (DEFE)             Turns: 18007, Time: 00:50:39

Health: 0/78       AC: 11    Str:  7    XL:     12   Next: 27%
Magic:  26/29      EV: 14    Int: 25    God:    Makhleb [***...]
Gold:   1354       SH:  7    Dex: 19    Spells: 16/34 levels left

rFire   . . .      SeeInvis .    e - +3 short sword (vamp)
rCold   + . .      Faith    .    y - +2 buckler
rNeg    . . .      Spirit   .    i - +0 steam dragon scales
rPois   .          Reflect  .    c - +1 helmet
rElec   .          Harm     .    v - +0 cloak of Recklessness {Str+3}
rCorr   +          Rampage  .    (no gloves)
Will    +....                    m - +1 pair of boots
Stlth   +++.......               s - amulet of the acrobat
HPRegen 0.33/turn                w - ring of protection from cold
MPRegen 0.21/turn                d - ring of resist corrosion

@: marked, studying Fighting
A: agile 1, shaggy fur 1, sturdy frame 1
a: Renounce Religion, Minor Destruction, Lesser Servant of Makhleb


You were on level 13 of the Dungeon.
You worshipped Makhleb.
Makhleb was most pleased with you.
You visited 2 branches of the dungeon, and saw 14 of its levels.
You also visited: Sewer and Bailey.

You collected 1638 gold pieces.
You spent 284 gold pieces at shops.

Inventory:

Hand Weapons
 e - a +3 vampiric short sword (weapon)
 l - a +4 dagger of freezing
 C - a +5 scimitar
Missiles
 x - 3 throwing nets
Armour
 a - a +2 robe of positive energy
 c - a +1 helmet (worn)
 i - +0 steam dragon scales (worn)
 m - a +1 pair of boots (worn)
 v - the +0 cloak of Recklessness (worn) {Str+3}
   (You found it on level 11 of the Dungeon)

   Str:       It affects your strength (+3).
 y - a +2 buckler (worn)
 A - a scarf of invisibility
Jewellery
 d - a ring of resist corrosion (right hand)
 s - an amulet of the acrobat (around neck)
 w - a ring of protection from cold (left hand)
 I - an amulet of faith
 J - the amulet "Kafysisch" {Faith rF+ Dex+2}
   (You found it on level 10 of the Dungeon)

   [amulet of faith]

   It allows you to gain divine favour quickly.
   Dex:       It affects your dexterity (+2).
   rF:        It protects you from fire.
 K - a ring of protection from cold
Wands
 j - a wand of digging (7)
 t - a wand of flame (25)
 F - a wand of charming (4)
Scrolls
 f - 3 scrolls of blinking
 h - 3 scrolls of identify
 p - 3 scrolls of immolation
 q - 4 scrolls of poison
 r - 2 scrolls of magic mapping
 D - 4 scrolls of teleportation
 E - 5 scrolls of fog
 G - a scroll of amnesia
Potions
 b - 3 potions of magic
 g - 2 potions of might
 k - 2 potions of lignification
 n - 3 potions of attraction
 o - 3 potions of flight
 u - a potion of brilliance
 z - 4 potions of curing
 B - a potion of mutation
 H - a potion of cancellation
 L - a potion of haste
 M - a potion of ambrosia
 N - 2 potions of heal wounds
Miscellaneous
 O - a piece from Xom's chessboard (15/15)


   Skills:
 + Level 10.3 Fighting
 - Level 1.0 Short Blades
 - Level 2.7 Armour
 - Level 4.4 Dodging
 - Level 4.8 Stealth
 - Level 2.3 Shields
 - Level 11.7 Spellcasting
 + Level 8.3 Conjurations
 - Level 6.1 Hexes
 - Level 4.9 Translocations
 + Level 8.9 Fire Magic
 - Level 4.4 Air Magic
 - Level 6.3 Invocations
 - Level 2.5 Evocations


You had 16 spell levels left.
You knew the following spells:

 Your Spells              Type           Power      Damage    Failure   Level
a - Foxfire               Conj/Fire      100%       2x1d9     1%          1
b - Scorch                Fire           100%       2d10      1%          2
c - Flame Wave            Conj/Fire      55%        2d13      1%          4
d - Kindle Blastsparks    Fire/Tloc/Air  90%        2d17      1%          3
e - Inner Flame           Hex/Fire       51%        N/A       1%          3
f - Fireball              Conj/Fire      27%        3d12      4%          5

Your spell library contained the following spells:

 Spells                   Type           Power      Damage    Failure   Level
 Kiss of Death            Conj/Necr      100%       2d13      1%          1
 Slow                     Hex            100%       N/A       1%          1
 Confusing Touch          Hex            45%        N/A       1%          3
 Dazzling Flash           Conj/Hex       100%       N/A       1%          3
 Portal Projectile        Hex/Tloc       84%        N/A       1%          3
 Tukima's Dance           Hex            45%        N/A       1%          3
 Sticky Flame             Conj/Fire      55%        2d7       1%          4
 Gell's Gravitas          Tloc           39%        N/A       2%          3
 Lesser Beckoning         Tloc           78%        N/A       2%          3
 Mephitic Cloud           Conj/Pois/Air  36%        N/A       2%          3
 Teleport Other           Tloc           39%        N/A       2%          3
 Poisonous Vapours        Pois/Air       50%        N/A       3%          2
 Cigotuvi's Dreadful Rot  Necr/Pois/Air  44%        N/A       4%          2
 Ignite Poison            Fire/Tmut/Pois 29%        N/A       4%          3
 Airstrike                Air            18%        2d(3-19)  9%          4
 Lightning Bolt           Conj/Air       23%        1d38      11%         5
 Spider Form              Tmut/Pois      14%        N/A       16%         3
 Vampiric Draining        Necr           14%        2d7       16%         3
 Silence                  Hex/Air        20%        N/A       17%         5
 Summon Lightning Spire   Summ/Air       25%        N/A       22%         4
 Starburst                Conj/Fire      27%        6d9       24%         6
 Irradiate                Conj/Tmut      17%        3d17      26%         5
 Dispel Undead            Necr           14%        3d10      47%         4
 Agony                    Necr           14%        N/A       83%         5
 Blade Hands              Tmut           7%         N/A       83%         5
 Death Channel            Necr           7%         N/A       100%        6
 Dragon Form              Tmut           7%         N/A       100%        7
 Ignition                 Fire           28%        3d9       100%        8


Dungeon Overview and Level Annotations

Branches:
Dungeon (13/15)            Temple (1/1) D:7            Lair (0/5) D:9
    Orc (0/2) D:9           Sewer (visited)          Bailey (visited)
 Vaults: D:13-14

Altars:
Ashenzari
Cheibriados
Dithmenos
Elyvilon
Fedhas
Gozag
Hepliaklqana
Kikubaaqudgha
Makhleb
Nemelex Xobeh
Okawaru
Qazlal
Ru
Sif Muna
Trog
Uskayaw
Vehumet
Wu Jian
Xom
Yredelemnul
Zin
The Shining One
Jiyva

Shops:
D:2 *

Portals:
Trove: D:11 (give +3 shadow dragon scales)

Annotations:
D:9 1 runed translucent door, Ijustatesigmund's ghost, novice DENe
D:12 exclusion: statue


Innate Abilities, Weirdness & Mutations

You are agile. (Dex +4, Str/Int -1)
You are covered in fur. (AC +1)
Your movements are slightly less encumbered by armour. (ER -2)


Message History

A meliai comes into view. It is wielding a +0 hand axe.
Casting: Scorch (safe; 1% risk of failure)
Confirm with . or Enter, or press ? or * to list all spells.
Flames lash the meliai.
The meliai is moderately wounded.
The meliai's fire resistance burns away.
A centaur warrior comes into view.
A meliai comes into view. It is wielding a +0 war axe.
A meliai comes into view. It is wielding a +0 hand axe.
The meliai closely misses you.
The meliai stings you but does no damage.
The meliai completely misses you. The meliai closely misses you.
Casting: Scorch (safe; 1% risk of failure)
Confirm with . or Enter, or press ? or * to list all spells.
Flames lash the centaur warrior.
The centaur warrior is lightly wounded.
The centaur warrior's fire resistance burns away.
The meliai invokes the aid of its god against you.
Something smites you! You block the meliai's attack. x2
The centaur warrior closely misses you. x2
The meliai calls down the wrath of its god upon you.
Something smites you! The meliai hits you with a +0 hand axe.
The meliai stings you.
The centaur warrior hits you but does no damage.
You block the centaur warrior's attack. The meliai completely misses you.
You block the meliai's attack.
The meliai invokes the aid of its god against you.
Something smites you!
The meliai is no longer more vulnerable to fire.
The centaur warrior hits you!
The centaur warrior kicks you but does no damage.
The meliai invokes the aid of its god against you.
Something smites you! The meliai closely misses you. The meliai stings you.
* * * LOW HITPOINT WARNING * * *
You block the meliai's attack. The meliai barely misses you.
You block the centaur warrior's attack. The centaur warrior misses you.
The meliai hits you with a +0 war axe!
* * * LOW HITPOINT WARNING * * *
The meliai stings you.
You die...

## #. ######## ###'##
#....... #....#
#....... #...y#
#....... #..cy#
####....... #..y@#
##..'....... +....#
#..##.......
#....#####.###.......
#....'.....# #...>...
#....####### #.......
#....# #.......
##+### #.......
###'#### #...#


You could see a centaur warrior (combustible) and 3 meliai.

Vanquished Creatures
  2 two-headed ogres
  A glowing orange brain (D:10)
  Pikel (D:7)
  An ugly thing (D:12)
  A gargoyle (D:10)
  Maggie (D:7)
  2 unseen horrors
  3 kobold demonologists (D:10)
  2 komodo dragons (D:11)
  3 trolls
  15 slime creatures
  Grinder (D:6)
  A vampire (D:11)
  15 yaks
  5 spriggans (Bailey)
  5 wyverns (D:9)
  Eustachio (D:6)
  A basilisk (D:9)
  2 steam dragons
  3 vampire mosquitoes (D:12)
  Menkaure (D:6)
  6 water moccasins
  An acid dragon (D:11)
  5 orc warriors
  2 sky beasts (D:7)
  2 black bears
  6 ogres (Bailey)
  A centaur (D:10)
  2 phantoms (D:5)
  A kobold brigand (D:10)
  4 bullfrogs
  3 gnoll sergeants
  3 scorpions
  16 wights
  4 howler monkeys
  2 hounds
  7 orc priests
  9 orc wizards
  4 iguanas
  15 gnolls
  4 adders
  2 shadow imps
  3 white imps
  2 ufetubi
  2 worms
  3 dart slugs
  55 orcs
  3 ball pythons
  3 endoplasms
  2 giant cockroaches (D:3)
  5 goblins
  5 hobgoblins
  9 jackals
  5 kobolds
  7 quokkas
  4 bats
  4 frilled lizards (D:3)
278 creatures vanquished.

Vanquished Creatures (collateral kills)
  A yak (D:9)
  A foxfire (D:1)
2 creatures vanquished.

Vanquished Creatures (others)
  An ugly thing (D:12)
  A bush (D:9)
  673 foxfires
  7 fungi (D:9)
  18 plants (D:9)
700 creatures vanquished.

Grand Total: 980 creatures vanquished

Notes
Turn   | Place    | Note
-------+----------+-------------------------------------------
     0 | D:1      | Ijustatesigmund the Deep Elf Fire Elementalist began the
                  | quest for the Orb.
     0 | D:1      | Reached XP level 1. HP: 10/10 MP: 6/6
   386 | D:1      | Reached XP level 2. HP: 15/15 MP: 6/8
   389 | D:1      | Learned a level 2 spell: Scorch
   968 | D:2      | Found Zeleatua's Assorted Antiques.
  1017 | D:2      | Bought an embroidered robe for 70 gold pieces
  1022 | D:2      | Bought a sapphire potion for 17 gold pieces
  1090 | D:2      | Reached XP level 3. HP: 19/19 MP: 6/9
  2007 | D:3      | Found a faded altar of an unknown god.
  2044 | D:3      | Found a glowing drain.
  2060 | D:3      | Reached XP level 4. HP: 24/24 MP: 3/10
  2150 | Sewer    | Entered a sewer
  2156 | Sewer    | Learned a level 4 spell: Flame Wave
  2208 | Sewer    | Noticed a water moccasin
  2220 | Sewer    | HP: 1/24 [water moccasin (4)]
  2222 | Sewer    | Killed a water moccasin
  2223 | Sewer    | Reached skill level 1 in Fighting
  2223 | Sewer    | Reached XP level 5. HP: 13/29 MP: 8/12
  2587 | D:3      | Reached skill level 5 in Fire Magic
  2597 | D:3      | Reached skill level 4 in Spellcasting
  2690 | D:3      | Found a white marble altar of Elyvilon.
  3156 | D:4      | Reached XP level 6. HP: 17/34 MP: 6/14
  3853 | D:4      | Found a broken altar of Ashenzari.
  3853 | D:4      | Found a shimmering blue altar of Sif Muna.
  3895 | D:4      | Learned a level 3 spell: Kindle Blastsparks
  3913 | D:4      | Found an ornate altar of the Wu Jian Council.
  3922 | D:4      | Found a hide-covered altar of Uskayaw.
  3922 | D:4      | Found a sacrificial altar of Ru.
  3924 | D:4      | Found a radiant altar of Vehumet.
  3924 | D:4      | Found a shimmering altar of Xom.
  3924 | D:4      | Found a shimmering altar of Xom.
  4008 | D:5      | Entered Level 5 of the Dungeon
  4302 | D:5      | Reached skill level 1 in Short Blades
  4302 | D:5      | Reached skill level 1 in Translocations
  4302 | D:5      | Reached skill level 1 in Air Magic
  4479 | D:5      | Reached skill level 5 in Spellcasting
  4479 | D:5      | Reached XP level 7. HP: 37/39 MP: 12/16
  5251 | D:6      | Found a sacrificial altar of Ru.
  5344 | D:6      | Reached skill level 6 in Spellcasting
  5545 | D:6      | Noticed Grinder
  5545 | D:6      | Noticed Eustachio
  5672 | D:2      | Bought a buckler for 85 gold pieces
  5672 | D:2      | Bought a white potion for 17 gold pieces
  5672 | D:2      | Bought a triangular bone amulet for 95 gold pieces
  5817 | D:6      | Killed Eustachio
  5818 | D:6      | Reached XP level 8. HP: 40/44 MP: 11/19
  5977 | D:6      | Killed Grinder
  5978 | D:6      | Reached skill level 1 in Shields
  6144 | D:6      | Noticed Menkaure
  6165 | D:6      | Reached skill level 7 in Spellcasting
  6416 | D:6      | Killed Menkaure
  6590 | D:7      | Learned a level 3 spell: Inner Flame
  6666 | D:7      | Noticed Pikel
  6678 | D:7      | Found a flagged portal.
  6686 | D:7      | Killed Pikel
  6687 | D:7      | Reached skill level 8 in Spellcasting
  6687 | D:7      | Reached XP level 9. HP: 21/49 MP: 9/23
  6738 | Bailey   | Entered a bailey
  6900 | Bailey   | Noticed a two-headed ogre
  6907 | Bailey   | Killed a two-headed ogre
  6918 | Bailey   | Reached skill level 9 in Spellcasting
  6999 | Bailey   | Reached skill level 5 in Fighting
  6999 | Bailey   | Reached skill level 5 in Hexes
  7106 | Bailey   | Identified the +2 sling "Utzytali" {antimagic, rF+ rC+ rN+
                  | Str+7}
  7115 | Bailey   | Reached XP level 10. HP: 39/59 MP: 15/25
  7648 | D:7      | Found an ornate altar of the Wu Jian Council.
  7766 | D:7      | Found a bloodstained altar of Trog.
  7898 | D:7      | Reached skill level 1 in Evocations
  8009 | D:7      | Noticed Maggie
  8021 | D:7      | Gained mutation: You are agile. (Dex +4, Str/Int -1)
                  | [potion of mutation]
  8021 | D:7      | Gained mutation: You are covered in fur. (AC +1) [potion of
                  | mutation]
  8021 | D:7      | Gained mutation: Your movements are slightly less
                  | encumbered by armour. (ER -2) [potion of mutation]
  8023 | D:7      | HP: 3/60 [Maggie/+0 halberd (8)]
  8025 | D:7      | Killed Maggie
  8345 | D:7      | Found a staircase to the Ecumenical Temple.
  8354 | Temple   | Entered the Ecumenical Temple
  8502 | Temple   | Became a worshipper of Makhleb the Destroyer
  8978 | D:8      | Reached skill level 1 in Invocations
 10165 | D:9      | Reached skill level 5 in Conjurations
 10819 | D:9      | Reached * piety under Makhleb
 10951 | D:9      | Found a staircase to the Orcish Mines.
 10973 | D:9      | Noticed a +0 short sword
 10973 | D:9      | Noticed a +0 dagger
 10975 | D:9      | Noticed a +0 falchion
 10975 | D:9      | Noticed a +0 short sword
 10976 | D:9      | Noticed a +0 falchion
 10978 | D:9      | Noticed a +0 spear
 10978 | D:9      | Noticed a +0 spear
 10978 | D:9      | Noticed a +0 dagger
 11007 | D:9      | Reached skill level 10 in Spellcasting
 11062 | D:9      | Found a hide-covered altar of Uskayaw.
 11069 | D:9      | Found a staircase to the Lair.
 11124 | D:9      | Reached skill level 1 in Armour
 11124 | D:9      | Reached XP level 11. HP: 21/68 MP: 17/27
 11347 | D:9      | Found a sparkling altar of Nemelex Xobeh.
 11390 | D:9      | HP: 2/68 [orc warrior/bolt (12)]
 11742 | D:9      | Found a runed translucent door.
 11742 | D:9      | Noticed Ijustatesigmund's ghost (novice DENe)
 11745 | D:9      | Found a shadowy altar of Dithmenos.
 11884 | D:9      | Found a radiant altar of Vehumet.
 11930 | D:9      | Found a basalt altar of Yredelemnul.
 12252 | D:10     | Entered Level 10 of the Dungeon
 12842 | D:10     | Found a viscous altar of Jiyva.
 12846 | D:10     | Noticed a glowing orange brain
 12931 | D:10     | Found a glowing golden altar of the Shining One.
 13095 | D:10     | Found a transporter.
 13098 | D:10     | Found a transporter.
 13439 | D:11     | Identified the +0 cloak of Recklessness {Str+3}
 13543 | D:10     | Noticed a sixfirhy
 14057 | D:11     | Found a portal to a secret trove of treasure.
 14478 | D:11     | Reached skill level 5 in Invocations
 14721 | D:11     | Reached ** piety under Makhleb
 14733 | D:11     | Reached skill level 11 in Spellcasting
 15118 | D:11     | Noticed a two-headed ogre
 15131 | D:11     | Killed a two-headed ogre
 15518 | D:10     | Learned a level 5 spell: Fireball
 15640 | D:10     | Killed a glowing orange brain
 15644 | D:10     | Identified the amulet "Kafysisch" {Faith rF+ Dex+2}
 15662 | D:10     | Got Govurph's Grimoire of Twisted Poisoning
 16330 | D:12     | Identified a scroll of acquirement
 16330 | D:12     | Acquired 909 gold pieces
 16349 | D:12     | Reached XP level 12. HP: 54/77 MP: 18/29
 16980 | D:12     | Reached *** piety under Makhleb
 16981 | D:12     | Reached skill level 10 in Fighting
 17406 | D:12     | Found a radiant altar of Vehumet.
 18003 | D:13     | Noticed a centaur warrior
 18007 | D:13     | HP: 3/78 [meliai/+0 war axe (16)]
 18007 | D:13     | Slain by a meliai

Illustrated notes

Levels and vault maps discovered:
D:1:      tarquinn_simple_flora_water_f, layout_loops_ring, serial_forest,
          infiniplex_forest_corner_1, infiniplex_forest_lined_2,
          infiniplex_forest_straight_2, infiniplex_forest_clump_curved,
          infiniplex_forest_fountain, infiniplex_forest_lined_3_way,
          infiniplex_forest_zigzag_1, ebering_dispersal_statue_hall
D:2:      layout_loops_corners, serial_shops, nicolae_diamond_shop,
          nicolae_underground_beach
D:3:      layout_rooms, elyvilon_altar_5, portal_sewer_entry_f,
          hellmonk_ecumenical_altar_blasted
D:4:      layout_rooms, doesnt_xom_only_xom, nicolae_overflow_two_pavilions
D:5:      layout_loops_ring
D:6:      layout_rooms, nicolae_ru_sacrificial_ziggurat,
          nicolae_zen_rock_garden, uniq_menkaure, uniq_grinder, uniq_eustachio
D:7:      layout_basic, lemuel_tele_altar, overflow_temple_1_default,
          minmay_temple_entry_poolview, enter_bailey_2, uniq_pikel, uniq_maggie
D:8:      layout_basic
D:9:      layout_loops_ring, nicolae_dithmenos_through_a_glass_darkly,
          mainiacjoe_overflow_six_doors_small,
          mainiacjoe_overflow_catwalk_spiral, nicolae_uskayaw_en_pointe,
          minmay_lair_entry_grove, orc_0_dummy, hellmonk_ghost_happy_afterlife
D:10:     gammafunk_jiyva_shrine, layout_stronghold, amcnicky_altar_gilded
D:11:     layout_small_grid, enter_trove_3
D:12:     layout_gridville, drop_trap, vehumet_statue
D:13:     layout_roguey
Temple:   hellmonk_temple_forest_ring

Skill      XL: |  1  2  3  4  5  6  7  8  9 10 11 12 |
---------------+-------------------------------------+-----
Conjurations   | 2 3 4 5 7 8 |  8.3
Fire Magic     | 4 5 7 8 |  8.9
Fighting       | 1 2 5 8 9 10 | 10.3
Spellcasting   | 4 5 6 8 9 10 11 | 11.7
Short Blades   | 1 |  1.0
Translocations | 1 3 4 |  4.9
Air Magic      | 1 3 4 |  4.4
Dodging        | 4 |  4.4
Shields        | 2 |  2.3
Hexes          | 2 5 6 |  6.1
Evocations     | 2 |  2.5
Invocations    | 3 6 |  6.3
Stealth        | 4 |  4.8
Armour         | 1 2 |  2.7

Action                   |  1- 3 |  4- 6 |  7- 9 | 10-12 || total
-------------------------+-------+-------+-------+-------++-------
Melee: Short sword       |     1 |     5 |     2 |    60 ||    68
       Spear             |       |       |       |     6 ||     6
 Cast: Foxfire           |    44 |    89 |    89 |   173 ||   395
       Scorch            |     2 |    25 |    38 |   176 ||   241
       Kindle Blastspark |       |       |     2 |     4 ||     6
       Fireball          |       |       |       |    18 ||    18
       Flame Wave        |       |       |       |    15 ||    15
Evoke: Wand              |       |       |     9 |    10 ||    19
  Use: Scroll            |     6 |     8 |     7 |     8 ||    29
       Potion            |       |     5 |       |    13 ||    18
 Stab: Sleeping          |       |       |       |     1 ||     1
       Distracted        |       |       |       |     1 ||     1
Armor: Robe              |     6 |    21 |    11 |    18 ||    56
       Steam dragon scal |       |       |       |    67 ||    67
Dodge: Dodged            |    18 |    61 |    71 |   349 ||   499
Block: Buckler           |       |       |    10 |   111 ||   121

Table legend: (Time is in decaauts)
 A = Elapsed time spent in this place.
 B = Non-inter-level travel time spent in this place.
 C = Inter-level travel time spent in this place.
 D = Time resting spent in this place.
 E = Time spent auto-exploring this place.
 F = Levels seen in this place.
 G = Mean time per level.
                   A        B        C        D        E       F      G
               +--------+--------+--------+--------+--------+-----+--------+
         Total |  18009 |  17229 |    780 |   5166 |   9345 |  16 | 1125.6 |
       Dungeon |  16982 |  16220 |    762 |   4767 |   8978 |  13 | 1306.3 |
        Temple |    166 |    148 |     18 |      0 |    138 |   1 |  166.0 |
         Sewer |    287 |    287 |      0 |    130 |     85 |   1 |  287.0 |
        Bailey |    572 |    572 |      0 |    269 |    142 |   1 |  572.0 |
               +--------+--------+--------+--------+--------+-----+--------+

Top non-repeatable levels by time:
     D:9: 2089 daAuts
    D:10: 2070 daAuts
    D:12: 2064 daAuts
     D:7: 1568 daAuts
     D:8: 1501 daAuts
    D:11: 1321 daAuts
     D:5: 1269 daAuts
     D:2: 1172 daAuts
     D:6: 1154 daAuts
     D:3: 1029 daAuts
     D:1: 879 daAuts
     D:4: 809 daAuts
  Bailey: 572 daAuts
   Sewer: 287 daAuts
  Temple: 166 daAuts
